Map: Golden Wall LE

Players

Liquidthermy (uThermal)

  • Race: Terran Terran
  • Spawn Location: 7:00

Zest - Winner!

  • Race: Protoss Protoss
  • Spawn Location: 5:00

Event: Shopify TSL 5

VOD

Have the link to the VOD?

Description

Time

  • Played on: June 6, 2020, 10:24 a.m.
  • Length: 6:53

All games in this series

Show
View Real Time Build Order
Export as new Build Order

Liquidthermy Terran 

Build Orders: Cyclone Opening 

Get SALT Encoding   

  12  0:01  SCV  
  13  0:13  SCV  
  14  0:19  Supply Depot  
  14  0:25  SCV  
  15  0:41  SCV  
  15  0:42  Barracks  
  16  0:46  Refinery  
  16  0:53  SCV  
  16  0:55  Refinery  
  17  1:05  SCV  
  18  1:17  SCV  
  19  1:29  Reaper  
  19  1:30  Orbital Command  
  20  1:33  Supply Depot  
  20  1:46  Factory  
  20  1:56  SCV  
  21  2:01  Barracks Tech Lab  
  21  2:08  SCV  
  22  2:20  SCV  
  23  2:25  Command Center  
  23  2:32  SCV  
  23  2:35  Cyclone  
  27  2:44  SCV  
  27  2:47  Supply Depot  
  28  2:55  Barracks Reactor  
  28  2:57  Barracks  
  29  3:04  Barracks  
  28  3:11  Siege Tank  
  31  3:14  SCV  
  32  3:26  SCV  
  33  3:30  Marine  
  33  3:31  Marine  
  35  3:38  SCV  
  36  3:43  Siege Tank  
  36  3:45  Barracks Tech Lab  
  39  3:50  SCV, Marine x2  
  42  3:56  Barracks Tech Lab  
  42  3:58  Orbital Command  
  42  4:02  SCV  
  42  4:06  Stimpack  
  42  4:08  Marine x2  
  44  4:13  Marine  
  44  4:15  SCV  
  44  4:16  Marine  
  50  4:24  Siege Tank  
  50  4:26  Marine  
  50  4:27  Supply Depot  
  50  4:30  Marine  
  52  4:32  Marine  
  52  4:33  Marine  
  54  4:44  Supply Depot  
  54  4:46  Combat Shield  
  54  4:48  Marine x2  
  56  4:54  Marine x2  
  56  4:56  SCV  
  59  5:02  SCV  
  59  5:06  Siege Tank  
  63  5:09  Supply Depot  
  63  5:10  Marine  
  63  5:13  Marine  
  67  5:23  Marauder  
  67  5:24  Marauder  
  70  5:28  Marine  
  70  5:31  SCV  
  70  5:32  Supply Depot  
  71  5:41  Siege Tank, Marine  
  75  5:49  Marauder  
  78  5:54  Marine  
  78  5:55  Engineering Bay  
  78  5:59  Orbital Command, Marauder  
  78  6:01  Marine  
  67  6:34  Bunker  
Show
View Real Time Build Order
Export as new Build Order

Zest Protoss - Winner!

Build Orders: 1 Gate Expand, Colossus Rush 

Get SALT Encoding   

  12  0:00  Probe  
  13  0:13  Probe  
  14  0:18  Pylon  
  14  0:25  Probe (Chrono Boost)  
  15  0:37  Probe (Chrono Boost), Gateway  
  16  0:45  Probe (Chrono Boost)  
  16  0:47  Assimilator  
  17  0:51  Probe  
  18  1:03  Probe  
  19  1:15  Probe  
  20  1:24  Cybernetics Core  
  20  1:33  Nexus  
  20  1:36  Probe  
  21  1:43  Pylon  
  21  1:48  Probe  
  21  1:51  Assimilator  
  22  1:58  Adept (Chrono Boost)  
  22  2:00  Probe  
  23  2:04  Warp Gate  
  25  2:12  Probe  
  26  2:18  Stalker (Chrono Boost)  
  27  2:25  Probe  
  28  2:30  Robotics Facility  
  29  2:38  Probe (Chrono Boost)  
  29  2:46  Probe (Chrono Boost)  
  29  2:49  Stalker  
  33  2:54  Probe (Chrono Boost)  
  33  2:55  Probe (Chrono Boost)  
  34  3:00  Probe (Chrono Boost)  
  34  3:01  Probe  
  36  3:09  Gateway  
  36  3:10  Gateway  
  36  3:13  Probe  
  36  3:16  Probe  
  36  3:17  Observer (Chrono Boost)  
  37  3:27  Shield Battery  
  37  3:35  Immortal (Chrono Boost)  
  41  3:43  Pylon  
  41  3:50  Probe x2  
  41  3:55  Stalker  
  45  3:57  Pylon  
  45  4:02  Probe  
  46  4:05  Warp Prism (Chrono Boost)  
  50  4:18  Pylon  
  48  4:27  Robotics Bay  
  48  4:30  Sentry  
  50  4:31  Zealot x2  
  50  4:37  Immortal (Chrono Boost)  
  58  4:45  Gateway x2  
  58  4:49  Pylon  
  58  4:56  Shield Battery  
  58  5:07  Pylon  
  58  5:11  Colossus (Chrono Boost)  
  58  5:13  Probe x2  
  60  5:18  Assimilator  
  66  5:25  Probe x2  
  68  5:30  Pylon  
  68  5:35  Pylon  
  68  5:42  Shield Battery  
  67  5:49  Zealot x3  
  73  5:53  Colossus (Chrono Boost)  
  73  5:55  Pylon  
  79  6:10  Stalker  
  79  6:11  Zealot, Stalker x2  
  77  6:22  Stalker  
  75  6:35  Stalker  
  75  6:36  Stalker x3  
Tags
 
Add a new tag
Caveats
  • Supply blocks, unpowered buildings, or Contaminate may cause inaccurate times.
  • Supply counts are checked every 10 seconds.